 Dungeon Crawl Stone Soup version 0.28.0-53-g5a82cb258f (webtiles) character file.

Game seed: 15394246791501697393

45 Zeld the Caller (level 3, -3/19 HPs)
             Began as a Deep Elf Summoner on May 21, 2022.
             Slain by a gnoll shaman
             ... wielding a +0 whip
              (8 damage)
             ... on level 2 of the Dungeon.
             The game lasted 00:02:42 (2205 turns).

Zeld the Caller (Deep Elf Summoner)                 Turns: 2205, Time: 00:02:42

Health: -3/19      AC:  2    Str:  5    XL:     3   Next: 42%
Magic:  8/10       EV: 13    Int: 21    God:
Gold:   69         SH:  0    Dex: 15    Spells: 1/10 levels left

rFire   . . .      SeeInvis .   (no weapon)
rCold   . . .      Faith    .   (no shield)
rNeg    . . .      Spirit   .   a - +0 robe
rPois   .          Reflect  .   (no helmet)
rElec   .          Harm     .   (no cloak)
rCorr   .          Rampage  .   (no gloves)
Will    .....                   (no boots)
Stlth   ++........              (no amulet)
HPRegen 0.06/turn               (no ring)
MPRegen 0.12/turn               (no ring)

@: lethally poisoned (-3 -> -5), slowed, very slow
A: no striking features
a: no special abilities


You were on level 2 of the Dungeon.
You visited 1 branch of the dungeon, and saw 2 of its levels.

You collected 69 gold pieces.

Inventory:

Armour
 a - a +0 robe (worn)
Scrolls
 f - a scroll of magic mapping {unknown}
 g - a scroll of teleportation {unknown}
 h - a scroll of identify {unknown}
Potions
 b - a potion of magic {unknown}
 c - 2 potions of heal wounds {unknown}
 d - a potion of invisibility {unknown}
 e - a potion of flight {unknown}


   Skills:
 + Level 3.0 Dodging
 - Level 2.4 Stealth
 * Level 4.0 Spellcasting
 + Level 0.3 Hexes
 * Level 5.0 Summonings


You had one spell level left.
You knew the following spells:

 Your Spells              Type           Power      Damage    Failure   Level
a - Summon Small Mammal   Summ           100%       N/A       1%          1
b - Call Imp              Summ           25%        N/A       2%          2
c - Call Canine Familiar  Summ           25%        N/A       4%          3
d - Summon Guardian Gole  Hex/Summ       15%        N/A       12%         3

Your spell library contained the following spells:

 Spells                   Type           Power      Damage    Failure   Level
 Dazzling Flash           Conj/Hex       10%        N/A       32%         3
 Summon Lightning Spire   Summ/Air       14%        N/A       38%         4
 Iskenderun's Mystic Bla  Conj/Tloc      4%         2d3       75%         4
 Starburst                Conj/Fire      2%         6d3       100%        6


Dungeon Overview and Level Annotations

Branches:
Dungeon (2/15)

Altars:

Annotations:
D:2 exclusion: 2 gnolls, Jessica


Message History

Casting: Summon Small Mammal (safe; 1% risk of failure)
Confirm with . or Enter, or press ? or * to list all spells.
Jessica hits your quokka with a +0 dagger of venom.
Your quokka dies!
Your quokka's corpse disappears in a puff of smoke!
A gnoll comes into view. It is wielding a +0 club.
Jessica shouts, "I don't like beings like you!"
Jessica gestures wildly while chanting.
Jessica blinks!
Casting: Summon Small Mammal (safe; 1% risk of failure)
Confirm with . or Enter, or press ? or * to list all spells.
Jessica hits your rat with a +0 dagger of venom.
Your rat dies!
Your rat's corpse disappears in a puff of smoke!
Jessica says, "Why did you come here?"
Casting: Summon Small Mammal (safe; 1% risk of failure)
Confirm with . or Enter, or press ? or * to list all spells.
Jessica hits you with a +0 dagger of venom.
You are poisoned.
Unknown command.
You swap places.
You feel very sick.
Your bat misses Jessica.
Jessica shouts, "You're disturbing me!
I'll have to kill you!" Jessica closely misses your bat.
Your bat hits Jessica but does no damage.
Jessica hits your bat with a +0 dagger of venom!
Your bat dies!
Your bat's corpse disappears in a puff of smoke!
A gnoll shaman comes into view. It is wielding a +0 whip.
You feel sick.
The gnoll shaman shouts!
Jessica casts a spell.
Jessica blinks!
You feel sick.
The gnoll shaman mumbles some strange prayers to its god against you.
You resist with some effort.
You feel sick.
The gnoll shaman hits you with a +0 whip!
You die...

#.#####.# ##.## #.#
#.# #.# ##...###.#
#.# #.#
##.....##.########
#.# #.#
##.......#.........
#.# #.##
#.........#.######
#.#####..#
##....<..###.#######
#........# ##...).##
##......# #######..#
##...#.###.#####.#
#..#######@g###.#.##
#.#
#...........g....##
#.#
#######.##g####g##
#.# #.##.# #. #.##
#.##.# #g #...
#.##.# #g ###...
#.##.# #. ##.....
#.##.# .. #).....
#.##.# ## #......


You could see a gnoll shaman and 3 gnolls.

Vanquished Creatures (collateral kills)
  A gnoll (D:1)
  4 endoplasms
  A giant cockroach (D:1)
  6 goblins
  2 hobgoblins (D:1)
  4 jackals (D:1)
  A quokka (D:1)
  2 ball pythons
  A bat (D:1)
  4 frilled lizards
  2 kobolds (D:1)
  5 rats
  A spectral goblin (D:2)
34 creatures vanquished.

Notes
Turn   | Place    | Note
-------+----------+-------------------------------------------
     0 | D:1      | Zeld the Deep Elf Summoner began the quest for the Orb.
     0 | D:1      | Reached XP level 1. HP: 10/10 MP: 6/6
   609 | D:1      | Reached XP level 2. HP: 15/15 MP: 2/8
   750 | D:1      | Learned a level 2 spell: Call Imp
  1312 | D:1      | Reached XP level 3. HP: 19/19 MP: 8/10
  1316 | D:1      | Learned a level 3 spell: Call Canine Familiar
  1331 | D:1      | Learned a level 3 spell: Summon Guardian Golem
  2061 | D:2      | Found a faded altar of an unknown god.
  2164 | D:2      | Reached skill level 5 in Summonings
  2185 | D:2      | Noticed Jessica
  2205 | D:2      | Slain by a gnoll shaman

Illustrated notes

Levels and vault maps discovered:
D:1:      eino_arrival_cavern_d, layout_basic, supply_closet_lemuel
D:2:      layout_loops_ring, dreamdust_ecumenical_altar_drowned_temple,
          uniq_jessica

Skill      XL: |  1  2  3 |
---------------+----------+-----
Dodging        | 3 |  3.0
Spellcasting   | 4 |  4.0
Summonings     | 5 |  5.0
Stealth        | |  2.4
Hexes          | |  0.3

Action                   || total
-------------------------++-------
Melee: Unarmed           ||    20
 Cast: Summon Small Mamm ||    52
       Call Imp          ||    12
 Stab: Sleeping          ||     1
Armor: Robe              ||     2
Dodge: Dodged            ||    31
